 Dungeon Crawl Stone Soup version 0.27-a0-1525-g1038ab4fd7 (webtiles) character file.

Game seed: 17602271955357409109

309587 ABBCCCDDDD the Warrior (level 22, -6/164 HPs)
             Began as a Djinni Venom Mage on July 10, 2021.
             Was the Champion of Okawaru.
             Shot with an arrow by a deep elf master archer (38 damage)
             ... on level 3 of the Elven Halls on July 11, 2021.
             The game lasted 04:42:28 (65255 turns).

ABBCCCDDDD the Warrior (Djinni Venom Mage)         Turns: 65255, Time: 04:42:28

Health: -6/164     AC: 11    Str: 10    XL:     22   Next: 17%
Gold:   2382       EV: 19    Int: 18    God:    Okawaru [******] SH: 14 Dex: 16

rFire    + + .     SeeInvis .   J - +6 rapier of Cocytus {elec, +Blink rElec rCorr}
rCold    + + .     Faith    .   V - +1 buckler {AC+3}
rNeg     + . .     Spirit   .   M - +0 leather armour "Nixore Feod" {Rampage rC+++ rN+ Str-4}
rPois    ∞         Reflect  +   G - +0 helmet
rElec    +         Harm     .   I - +0 cloak
rCorr    +         Rampage  +   s - +0 pair of gloves {archery}
Will     ++++.                  (boots unavailable)
Stlth    ++++......             Z - amulet of reflection
HPRegen  0.37/turn              n - ring of willpower
MPRegen  0.00/turn              Y - ring of willpower

@: flying, very slightly contaminated, studying Axes
A: sickness immunity, fire resistance 2, cold vulnerability 1, float, innate
caster, hp casting, extra vitality 1
}: 2/15 runes: barnacled, gossamer
a: Renounce Religion, Evoke Blink, Heroism, Finesse


You were on level 3 of the Elven Halls.
You worshipped Okawaru.
Okawaru was exalted by your worship.
You visited 7 branches of the dungeon, and saw 35 of its levels.
You visited the Abyss 1 time.
You also visited: Ossuary.

You collected 4648 gold pieces.
You spent 2266 gold pieces at shops.

Inventory:

Hand Weapons
 p - a +9 demon blade of electrocution
 C - the +7 dagger "Biagi" {speed, Fly rC+ Will++ Stlth-}
   (Okawaru gifted it to you on level 1 of the Spider Nest)

   Attacks with this weapon are significantly faster.
   rC:        It protects you from cold.
   Fly:       It grants you flight.
   Will:      It greatly increases your willpower.
   Stlth:     It makes you less stealthy.
 J - the +6 rapier of Cocytus (weapon) {elec, +Blink rElec rCorr}
   (You found it on level 14 of the Dungeon)

   Occasionally, upon striking a foe, it can discharge electrical energy and
   cause terrible harm.
   rElec:     It insulates you from electricity.
   +Blink:    It lets you blink.
   rCorr:     It protects you from acid and corrosion.
Missiles
 f - 5 silver javelins (quivered)
 k - 15 throwing nets
 X - 41 javelins
Armour
 s - a +0 pair of gloves of archery (worn)
 t - a +0 kite shield
 w - a +0 tower shield of positive energy
 G - a +0 helmet (worn)
 I - a +0 cloak (worn)
 M - the +0 leather armour "Nixore Feod" (worn) {Rampage rC+++ rN+ Str-4}
   (You bought it in a shop on level 1 of the Orcish Mines)

   Str:       It affects your strength (-4).
   rC:        It renders you almost immune to cold.
   rN:        It protects you from negative energy.
   Rampage:   It bestows one free step when moving towards enemies.
 Q - +0 acid dragon scales
 V - a +1 buckler of protection (worn)
Jewellery
 e - the amulet of Avaipn {rF+ Regen+ Str+4}
   (You acquired it on level 3 of the Lair of Beasts)

   [amulet of regeneration]

   Str:       It affects your strength (+4).
   rF:        It protects you from fire.
   Regen:     It increases your rate of health regeneration.
 n - a ring of willpower (left hand)
 D - a ring of positive energy
 H - the ring "Jaunag" {Slay+4 Stlth+}
   (You found it on level 4 of the Shoals)

   [ring of slaying]

   Slay:      It affects your accuracy & damage with ranged weapons and melee
   (+4).
   Stlth:     It makes you more stealthy.
 L - a ring of see invisible
 S - a +4 ring of protection
 T - the ring of Interdependent Arising {rF+ rCorr Stlth+}
   (You found it on level 6 of the Lair of Beasts)

   [ring of protection from fire]

   rF:        It protects you from fire.
   rCorr:     It protects you from acid and corrosion.
   Stlth:     It makes you more stealthy.
 Y - a ring of willpower (right hand)
 Z - an amulet of reflection (around neck)
Wands
 m - a wand of acid (6)
 r - a wand of mindburst (20)
 u - a wand of paralysis (6)
 x - a wand of digging (20)
 R - a wand of iceblast (8)
Scrolls
 b - 7 scrolls of teleportation
 o - a scroll of fog
 q - 2 scrolls of summoning
 v - 3 scrolls of silence
 y - 3 scrolls of blinking
 K - 2 scrolls of fear
 N - 5 scrolls of vulnerability
 O - 5 scrolls of immolation
 P - 3 scrolls of enchant armour
 U - 4 scrolls of magic mapping
Potions
 a - 7 potions of heal wounds
 c - 3 potions of brilliance
 d - 3 potions of berserk rage
 g - 15 potions of ambrosia
 i - 17 potions of curing
 j - 6 potions of haste
 l - 6 potions of lignification
 z - a potion of resistance
 A - 6 potions of mutation
 B - 2 potions of invisibility
 E - 6 potions of cancellation
Miscellaneous
 h - a tin of tremorstones (2/2)
 F - a phial of floods
 W - a lightning rod (4/4)


   Skills:
 + Level 16.2 Fighting
 - Level 14.0 Long Blades
 - Level 10.0 Armour
 - Level 14.0 Dodging
 - Level 8.0 Stealth
 - Level 15.6 Shields
 - Level 13.0 Spellcasting
 - Level 7.5 Invocations


You couldn't memorise any spells.
You knew the following spells:

 Your Spells              Type           Power      Damage    Failure   Level
a - Sting                 Tmut/Pois      100%       1d8       1%          1
b - Poisonous Vapours     Pois/Air       100%       N/A       1%          2
c - Mephitic Cloud        Conj/Pois/Air  55%        N/A       1%          3
d - Olgreb's Toxic Radia  Pois           55%        N/A       1%          4
e - Foxfire               Conj/Fire      100%       2x1d9     1%          1
f - Wereblood             Tmut           55%        N/A       1%          2
g - Stone Arrow           Conj/Erth      100%       3d13      1%          3
h - Tukima's Dance        Hex            55%        N/A       1%          3
i - Petrify               Tmut/Erth      55%        N/A       1%          4
j - Borgnjor's Vile Clut  Necr/Erth      27%        N/A       1%          5
k - Iron Shot             Conj/Erth      27%        9d6       5%          6
l - Starburst             Conj/Fire      27%        8x6d9     5%          6
m - Haunt                 Necr/Summ      27%        N/A       30%         7
n - Discord               Hex            27%        N/A       93%         8
Your spell library was empty.

Dungeon Overview and Level Annotations

Branches:
Dungeon (15/15)            Temple (1/1) D:4            Lair (6/6) D:9
 Shoals (4/4) Lair:4       Spider (4/4) Lair:3        Slime (0/5) Lair:6
    Orc (2/2) D:12            Elf (3/3) Orc:2        Vaults (0/5) D:14
 Depths (0/5) D:15        Ossuary (visited)

Altars:
Ashenzari
Cheibriados
Dithmenos
Elyvilon
Fedhas
Gozag
Hepliaklqana
Kikubaaqudgha
Makhleb
Nemelex Xobeh
Okawaru
Qazlal
Ru
Sif Muna
Trog
Uskayaw
Vehumet
Wu Jian
Xom
Yredelemnul
Zin
The Shining One
Jiyva

Shops:
D:4 !   D:12 (   Orc:1 [*   Orc:2 *::!   Elf:2 (   Elf:3 (   Shoals:2 *

Portals:
Abyss: Spider:2
Trove: D:13 (give 9 potions of haste)

Annotations:
Lair:1 1 runed translucent door, Bononn's ghost, journeyman DjFE
Shoals:2 exclusion: downstairs
Shoals:3 exclusion: downstairs
Spider:2 4 transporters, Appoagin's ghost, journeyman DrIE
Elf:2 3 runed translucent doors


Innate Abilities, Weirdness & Mutations

You are immune to sickness and miasma.
You are immune to poison.
Your flesh is very heat resistant. (rF++)
You are vulnerable to cold. (rC-)
You float through the air rather than walking.
You learn spells naturally, not from books.
Your magical power is your life essence.
You have superior vitality. (+4 HP)


Message History

* * * LOW HITPOINT WARNING * * *
Casting: Poisonous Vapours (safe; 1% risk of failure)
Confirm with . or Enter, or press ? or * to list all spells.
Aiming: Petrify (safe; 1% risk of failure)
Press: ? - help, Shift-Dir - straight line, f/p - deep elf master archer
Aim: a deep elf master archer, wielding a +0 longbow, wearing a +0 leather armour and quivering arrows (moderately wounded, extremely poisoned, chance to affect: 12%)
Okay, then.
Unknown command.
Aiming: Mindburst
Press: ? - help, Shift-Dir - straight line, f/p - deep elf master archer
Aim: a deep elf master archer, wielding a +0 longbow, wearing a +0 leather armour and quivering arrows (moderately wounded, extremely poisoned, chance to affect: 7%)
Okay, then.
Unknown command.
Okay, then.
Casting: Petrify (safe; 1% risk of failure)
Confirm with . or Enter, or press ? or * to list all spells.
Okay, then.
Unknown command.
Press: ? - help, v - describe, . - travel
Here: a deep elf master archer, wielding a +0 longbow, wearing a +0 leather armour and quivering arrows (moderately wounded, extremely poisoned)
The floor.
Casting: Petrify (safe; 1% risk of failure)
Confirm with . or Enter, or press ? or * to list all spells.
Aiming: Iron Shot (dangerous; 5% risk of failure)
Press: ? - help, Shift-Dir - straight line, f/p - deep elf master archer
Aim: a deep elf master archer, wielding a +0 longbow, wearing a +0 leather armour and quivering arrows (moderately wounded, extremely poisoned, 53% to hit)
Okay, then.
Unknown command.
Casting: Iron Shot (dangerous; 5% risk of failure)
Confirm with . or Enter, or press ? or * to list all spells.
Aiming: Iron Shot (dangerous; 5% risk of failure)
Press: ? - help, Shift-Dir - straight line, f/p - deep elf master archer
Aim: a deep elf master archer, wielding a +0 longbow, wearing a +0 leather armour and quivering arrows (moderately wounded, extremely poisoned, 53% to hit)
You miscast Iron Shot.
You are very lightly contaminated with residual magic.
Strange energies run through your body!
* * * LOW HITPOINT WARNING * * *
x2 The deep elf master archer shoots an arrow.
The arrow hits you!!!
You die...

#.......#'#.......#
##......)........##
##..........)..##
#.............#
#.............# .
###.........#######'#
#'#######)#.......#
... #........... ....
#@..)....... ..
#e..........
#............
#.......###...
#......## .. #.....##
. #.....# #..).^#


You could see a deep elf master archer (extremely poisoned).

Vanquished Creatures
  Jorgrun (D:13)
  3 deep elf master archers (Elf:3)
  A kraken (Shoals:2)
  2 deep elf blademasters (Elf:3)
  Polyphemus (Shoals:4)
  Kirke (Lair:4)
  Donald (Shoals:4)
  Ilsuiw (Shoals:3)
  5 deep elf sorcerers (Elf:3)
  Louise (Spider:3)
  4 emperor scorpions
  5 ghost moths
  6 deep elf elementalists (Elf:3)
  5 deep elf demonologists (Elf:3)
  Azrael (Elf:1)
  3 spark wasps
  5 deep elf annihilators (Elf:3)
  An entropy weaver (Spider:1)
  3 merfolk javelineers
  Josephine (Lair:6)
  4 deep elf death magi (Elf:3)
  7 deep elf high priests (Elf:3)
  An ettin (Orc:1)
  13 merfolk impalers
  Erolcha (D:10)
  4 vault guards (D:14)
  4 boulder beetles
  6 hydras
  2 catoblepae
  3 merfolk avatars
  5 two-headed ogres
  5 centaur warriors
  An alligator snapping turtle (Shoals:2)
  4 merfolk aquamancers
  13 dancing weapons
  A satyr (Shoals:4)
  8 death scarabs (Spider:4)
  9 death yaks
  3 tengu warriors
  6 orc high priests
  Urug (D:11)
  21 deep elf knights
  Nergalle (Lair:1)
  A fire crab (Lair:6)
  5 skeletal warriors (D:14)
  9 sea snakes
  The ghost of wakim the Ruffian, a novice TrBe of Trog (D:5)
  The ghost of qborf the Destroyer, a novice DsCj (D:8)
  3 spectral wolf spiders (Spider:4)
  A glowing orange brain (D:15)
  12 harpies
  22 deep elf pyromancers
  A wizard (D:14)
  8 deep elf archers
  33 deep elf zephyrmancers
  4 wolf spider zombies (Spider:4)
  19 ugly things
  10 fauns
  42 wolf spiders
  13 orb spiders
  5 orc knights
  An orc sorcerer (Orc:1)
  11 manticores
  4 cyclopes
  2 oklob plants (Lair:3)
  A moth of wrath (Spider:4)
  5 elephants
  6 merfolk sirens
  10 water nymphs
  3 black mambas
  The ghost of ipx the Conjurer, a novice DEFE of Ashenzari (D:7)
  A gargoyle (D:14)
  2 torpor snails
  5 cane toads
  4 spectral redbacks (Spider:4)
  3 rime drakes
  15 komodo dragons
  2 unseen horrors
  Psyche (D:12)
  An ancient zyme (Abyss:3)
  A yaktaur (shapeshifter) (D:15)
  A freezing wraith (D:14)
  2 redback zombies (Spider:4)
  14 demonic crawlers
  A guardian mummy (D:13)
  6 polar bears
  A wind drake (Shoals:4)
  7 trolls
  27 merfolk
  32 jumping spiders
  6 meliai
  2 queen bees
  A troll (shapeshifter) (D:14)
  29 blink frogs
  A wolf spider simulacrum (D:15)
  5 spectral jumping spiders (Spider:4)
  A spectral tarantella (Spider:4)
  12 hornets
  16 slime creatures
  A tarantella zombie (Spider:4)
  A jumping spider zombie (Spider:4)
  10 dream sheep
  15 snapping turtles
  A redback (shapeshifter) (Elf:3)
  24 spriggans
  33 tarantellas
  7 humans (D:9)
  45 redbacks
  4 wyverns
  7 air elementals
  3 basilisks
  5 wraiths
  2 fire elementals
  A steam dragon (D:7)
  A hog (Lair:4)
  12 water elementals
  60 yaks
  A chaos spawn (Abyss:3)
  2 vampire mosquitoes (D:14)
  Edmund (D:4)
  2 wargs
  2 acid dragons
  4 hell hounds (Elf:1)
  16 water moccasins
  2 spectral hornets (Spider:4)
  39 orc warriors
  3 black bears
  2 sky beasts
  7 boggarts
  24 centaurs
  4 necrophages
  5 ogres
  22 wolves
  4 phantoms
  3 kobold brigands
  An elf zombie (Ossuary)
  4 bullfrogs
  A gnoll sergeant (D:12)
  A wyvern zombie (D:5)
  3 earth elementals
  A scorpion (D:4)
  A water moccasin skeleton (D:5)
  36 killer bees
  The ghost of PeterMcNeter the Shield-Bearer, a weakling FoFi (D:6)
  7 electric eels
  8 hounds
  4 centaur zombies
  3 human zombies (Ossuary)
  30 orc priests
  A centaur skeleton (D:7)
  An iron imp (D:3)
  Jessica (D:3)
  2 iguanas (D:5)
  A hell rat (Lair:3)
  13 orc wizards
  A scorpion zombie (D:5)
  2 hound zombies (D:5)
  2 mummies (Ossuary)
  15 gnolls
  A howler monkey skeleton (D:5)
  8 adders
  3 white imps
  An ufetubus (D:5)
  9 worms
  3 dart slugs
  79 orcs
  5 ball pythons
  2 bats
  4 endoplasms
  6 giant cockroaches
  10 goblins
  8 hobgoblins
  5 jackals
  3 quokkas
  3 frilled lizards
  A goblin zombie (Ossuary)
  12 hobgoblin zombies (Ossuary)
  12 kobolds
  6 kobold zombies (Ossuary)
  10 orc zombies
  10 rats
  4 rat zombies
  A spectral orc (D:15)
  3 tentacles (Shoals:2)
1331 creatures vanquished.

Vanquished Creatures (collateral kills)
  A deep elf pyromancer (D:13)
  Joseph (Lair:1)
  Maggie (Lair:1)
  An efreet (D:14)
  A hornet (Lair:3)
  12 foxfires
17 creatures vanquished.

Vanquished Creatures (others)
  A faun (Shoals:1)
  A redback (Spider:3)
  An air elemental (Elf:1)
  A fire elemental (Elf:1)
  4 humans (Shoals:1)
  A water moccasin (D:6)
  2 orc warriors
  A necrophage (D:6)
  An ogre (D:6)
  A centaur (D:10)
  A bullfrog (D:6)
  A centaur zombie (D:10)
  An orc priest (D:5)
  A gnoll (D:5)
  A dart slug (D:5)
  An orc (D:5)
  2047 foxfires
  54 fungi
  133 plants
  46 tentacles (Shoals:2)
2300 creatures vanquished.

Grand Total: 3648 creatures vanquished

Notes
Turn   | Place    | Note
-------+----------+-------------------------------------------
     0 | D:1      | ABBCCCDDDD the Djinni Venom Mage began the quest for the
                  | Orb.
     0 | D:1      | Reached XP level 1. HP: 15/15 MP: 0/0
    52 | D:1      | Found a faded altar of an unknown god.
   148 | D:1      | Reached XP level 2. HP: 16/22 MP: 0/0
   631 | D:1      | Reached skill level 1 in Fighting
   877 | D:1      | Reached XP level 3. HP: 21/27 MP: 0/0
   877 | D:1      | Learned a level 1 spell: Foxfire
  1421 | D:2      | You are sucked into a shaft and drop 1 floor!
  2026 | D:2      | Found a glowing silver altar of Zin.
  2268 | D:2      | Reached XP level 4. HP: 32/33 MP: 0/0
  2662 | D:3      | Reached skill level 2 in Fighting
  2940 | D:3      | Noticed Jessica
  2960 | D:3      | Found a sparkling altar of Nemelex Xobeh.
  2962 | D:3      | Found a bloodstained altar of Trog.
  3219 | D:3      | Reached XP level 5. HP: 24/39 MP: 0/0
  3219 | D:3      | Learned a level 2 spell: Wereblood
  3337 | D:3      | Found a snail-covered altar of Cheibriados.
  3371 | D:3      | Found a hide-covered altar of Uskayaw.
  3371 | D:3      | Found a glowing golden altar of the Shining One.
  3837 | D:3      | Killed Jessica
  3981 | D:4      | Found a white marble altar of Elyvilon.
  4243 | D:4      | Found Wiubaacw's Distillery.
  4832 | D:4      | Bought a potion of degeneration for 10 gold pieces
  4832 | D:4      | Bought a potion of heal wounds for 50 gold pieces
  4841 | D:4      | Noticed Edmund
  5092 | D:4      | Killed Edmund
  5093 | D:4      | Reached skill level 3 in Fighting
  5093 | D:4      | Reached XP level 6. HP: 40/46 MP: 0/0
  5432 | D:4      | Found a staircase to the Ecumenical Temple.
  5439 | Temple   | Entered the Ecumenical Temple
  5532 | Temple   | Became a worshipper of Warmaster Okawaru
  5605 | D:4      | Reached XP level 7. HP: 33/50 MP: 0/0
  5605 | D:4      | Learned a level 3 spell: Stone Arrow
  5612 | D:4      | Reached skill level 5 in Dodging
  5949 | D:4      | Reached skill level 4 in Fighting
  6148 | D:4      | Found a broken altar of Ashenzari.
  6489 | D:4      | Reached * piety under Okawaru
  6594 | D:5      | Entered Level 5 of the Dungeon
  6597 | D:5      | Found a runed translucent door.
  6602 | D:5      | Noticed wakim's ghost (novice TrBe)
  7159 | D:5      | Reached XP level 8. HP: 51/58 MP: 0/0
  7236 | D:5      | Found a shimmering altar of Xom.
  7246 | D:5      | Noticed a two-headed ogre
  7570 | D:4      | Reached skill level 5 in Fighting
  8861 | D:5      | Reached ** piety under Okawaru
  8862 | D:5      | Reached skill level 5 in Spellcasting
  8862 | D:5      | Reached XP level 9. HP: 61/66 MP: 0/0
  8862 | D:5      | Learned a level 3 spell: Tukima's Dance
  9135 | D:5      | Reached skill level 6 in Fighting
  9136 | D:5      | Killed a two-headed ogre
  9136 | D:5      | Reached *** piety under Okawaru
  9136 | D:5      | Received a gift from Okawaru
  9137 | D:5      | Reached skill level 7 in Fighting
  9366 | D:5      | Reached skill level 1 in Invocations
  9781 | D:6      | Found a sand-covered staircase.
  9821 | Ossuary  | Entered an ossuary
 10089 | Ossuary  | Reached XP level 10. HP: 69/76 MP: 0/0
 10097 | Ossuary  | Reached skill level 8 in Fighting
 10203 | Ossuary  | Reached skill level 1 in Armour
 10670 | D:6      | Found a runed translucent gate.
 10670 | D:6      | Found a runed translucent gate.
 10670 | D:6      | Found a runed translucent gate.
 10673 | D:6      | Noticed PeterMcNeter's ghost (weakling FoFi)
 11189 | D:4      | Bought a potion of cancellation for 80 gold pieces
 11189 | D:4      | Bought a potion of haste for 100 gold pieces
 11263 | D:7      | Found a sacrificial altar of Ru.
 11875 | D:7      | Found a runed translucent door.
 11877 | D:7      | Noticed ipx's ghost (novice DEFE)
 12055 | D:7      | You are sucked into a shaft and drop 2 floors!
 12797 | D:8      | Reached **** piety under Okawaru
 13026 | D:8      | Found a runed translucent gate.
 13026 | D:8      | Found a runed translucent gate.
 13026 | D:8      | Found a runed translucent gate.
 13647 | D:8      | Noticed qborf's ghost (novice DsCj)
 13795 | D:9      | Found a hazy altar of Hepliaklqana.
 14234 | D:9      | Identified the +4 plate armour of Tyvoph {Str+2 Int+3}
 14422 | D:9      | Reached ***** piety under Okawaru
 14423 | D:9      | Reached skill level 9 in Fighting
 14682 | D:9      | Noticed a two-headed ogre
 14713 | D:9      | Killed a two-headed ogre
 14714 | D:9      | Reached XP level 11. HP: 84/84 MP: 0/0
 14714 | D:9      | Learned a level 4 spell: Petrify
 14868 | D:10     | Entered Level 10 of the Dungeon
 15104 | D:10     | Noticed a centaur warrior
 15162 | D:10     | Received a gift from Okawaru
 15811 | D:9      | Reached skill level 5 in Armour
 15932 | D:9      | Found a staircase to the Lair.
 16247 | D:9      | Reached skill level 10 in Fighting
 16351 | D:9      | Reached skill level 10 in Dodging
 16609 | D:9      | Reached skill level 11 in Fighting
 16818 | D:10     | Noticed Erolcha
 16931 | D:11     | Noticed a five-headed hydra
 17675 | D:10     | Reached XP level 12. HP: 49/94 MP: 0/0
 17899 | D:11     | Killed a five-headed hydra
 17899 | D:11     | Received a gift from Okawaru
 17899 | D:11     | Reached ****** piety under Okawaru
 18157 | D:12     | Noticed Psyche
 18164 | D:12     | Reached skill level 1 in Shields
 18242 | D:12     | Noticed Urug
 18242 | D:12     | Noticed a boulder beetle
 18513 | Lair:1   | Entered Level 1 of the Lair of Beasts
 18513 | Lair:1   | Found a runed translucent door.
 18513 | Lair:1   | Noticed Bononn's ghost (journeyman DjFE)
 18704 | Lair:1   | Noticed an eight-headed hydra
 18919 | Lair:1   | Noticed Nergalle
 18954 | Lair:1   | Killed Nergalle
 18955 | Lair:1   | Reached skill level 12 in Fighting
 19133 | Lair:1   | Noticed Joseph
 19153 | Lair:1   | Killed Joseph
 19271 | Lair:1   | Noticed Maggie
 19302 | Lair:1   | Killed Maggie
 19575 | Lair:2   | Found a shimmering altar of Xom.
 19896 | Lair:1   | Reached skill level 13 in Fighting
 19904 | Lair:1   | Reached skill level 1 in Long Blades
 19965 | Lair:1   | Received a gift from Okawaru
 20032 | Lair:2   | Reached XP level 13. HP: 103/103 MP: 0/0
 20032 | Lair:2   | Learned a level 5 spell: Borgnjor's Vile Clutch
 20456 | Lair:2   | Identified the +8 mace of Supply {holy, rCorr Dex+5}
 20562 | Lair:2   | Killed an eight-headed hydra
 20611 | Lair:3   | Noticed a four-headed hydra
 20631 | Lair:2   | Received a gift from Okawaru
 20821 | Lair:3   | Killed a four-headed hydra
 21261 | Lair:3   | Noticed a five-headed hydra
 21268 | Lair:3   | Killed a five-headed hydra
 21269 | Lair:3   | Reached skill level 5 in Long Blades
 21277 | Lair:3   | Found a hole to the Spider Nest.
 21345 | Lair:3   | Reached skill level 14 in Fighting
 21442 | Lair:3   | Identified the +8 chain mail of the Ego {Harm rF++ rCorr
                  | Int-4}
 21734 | Lair:3   | Reached XP level 14. HP: 103/112 MP: 0/0
 21752 | Lair:3   | Received a gift from Okawaru
 21778 | Lair:3   | Identified a scroll of acquirement
 21786 | Lair:3   | Acquired the amulet of Avaipn {rF+ Regen+ Str+4}
 22940 | Lair:4   | Found a staircase to the Shoals.
 23004 | Lair:4   | You are sucked into a shaft and drop 2 floors!
 23004 | Lair:6   | Entered Level 6 of the Lair of Beasts
 23292 | Lair:5   | Received a gift from Okawaru
 23302 | Lair:5   | Noticed Josephine
 23707 | Lair:6   | Found a staircase to the Slime Pits.
 23707 | Lair:6   | Found a viscous altar of Jiyva.
 23906 | Lair:6   | Reached skill level 10 in Spellcasting
 23955 | Lair:6   | Identified the -5 cloak of Objectivity {Harm rCorr}
                  | (Okawaru gifted it to you on level 6 of the Lair of Beasts)
 23955 | Lair:6   | Received a gift from Okawaru
 23966 | Lair:6   | Reached skill level 15 in Fighting
 24065 | Lair:6   | Killed Josephine
 24254 | Lair:6   | Reached XP level 15. HP: 108/120 MP: 0/0
 24254 | Lair:6   | Learned a level 6 spell: Iron Shot
 24367 | Lair:6   | Reached skill level 5 in Stealth
 24519 | Lair:6   | Identified the ring of Interdependent Arising {rF+ rCorr
                  | Stlth+}
 25244 | D:4      | Bought a potion of flight for 30 gold pieces
 25244 | D:4      | Bought a potion of magic for 80 gold pieces
 25244 | D:4      | Bought a potion of ambrosia for 80 gold pieces
 25244 | D:4      | Bought 2 potions of brilliance for 80 gold pieces
 25247 | D:4      | Bought a potion of curing for 30 gold pieces
 25247 | D:4      | Bought a potion of curing for 30 gold pieces
 25341 | D:5      | Killed wakim's ghost
 25478 | D:6      | Killed PeterMcNeter's ghost
 25644 | D:7      | Killed ipx's ghost
 25743 | D:8      | Killed qborf's ghost
 25798 | D:10     | Killed Erolcha
 25937 | D:11     | Killed Urug
 25980 | D:12     | Killed Psyche
 26006 | D:12     | Found a blossoming altar of Fedhas.
 26062 | D:12     | Received a gift from Okawaru
 26155 | D:12     | Found a staircase to the Orcish Mines.
 26169 | D:12     | Found Gitt's Weapon Emporium.
 26401 | D:13     | Found a portal to a secret trove of treasure.
 26974 | Orc:1    | Entered Level 1 of the Orcish Mines
 27032 | Orc:1    | Found Asadics's Overcharged Wands.
 27084 | Orc:1    | Found Esomisch's Armour Shop.
 27537 | Orc:2    | Entered Level 2 of the Orcish Mines
 27590 | Orc:2    | Found a staircase to the Elven Halls.
 27945 | Orc:2    | Reached skill level 10 in Long Blades
 28223 | Orc:2    | Identified the +0 robe "Nayb" {rPois} (Okawaru gifted it to
                  | you on level 2 of the Orcish Mines)
 28223 | Orc:2    | Received a gift from Okawaru
 28224 | Orc:2    | Reached XP level 16. HP: 114/126 MP: 0/0
 28283 | Orc:2    | Found Suzuur Qum's Distillery.
 28283 | Orc:2    | Found Zahewki's Book Boutique.
 28284 | Orc:2    | Found Ynge's Book Shop.
 28284 | Orc:2    | Found Decloumm's General Store.
 28635 | Orc:2    | Bought a potion of experience for 750 gold pieces
 28635 | Orc:2    | Bought a potion of attraction for 45 gold pieces
 28635 | Orc:2    | Bought a potion of heal wounds for 75 gold pieces
 28635 | Orc:2    | Bought a potion of berserk rage for 75 gold pieces
 28635 | Orc:2    | Bought a potion of mutation for 120 gold pieces
 28638 | Orc:2    | Reached XP level 17. HP: 131/131 MP: 0/0
 28638 | Orc:2    | Learned a level 6 spell: Starburst
 29040 | D:13     | Noticed Jorgrun
 29047 | D:13     | Killed Jorgrun
 29430 | D:14     | Identified the +6 rapier of Cocytus {elec, +Blink rElec
                  | rCorr}
 29748 | Orc:1    | Bought the +0 leather armour "Nixore Feod" {Rampage rC+++
                  | rN+ Str-4} for 597 gold pieces
 29926 | Shoals:1 | Entered Level 1 of the Shoals
 30068 | Shoals:1 | Noticed Kirke
 30229 | Lair:4   | Killed Kirke
 31695 | Shoals:2 | Noticed a kraken
 32655 | Shoals:2 | Received a gift from Okawaru
 33228 | Shoals:2 | Found Mofean's General Store.
 33236 | Shoals:2 | Bought a scroll of identify for 34 gold pieces
 34143 | Shoals:3 | Noticed Ilsuiw
 34834 | Shoals:3 | Reached XP level 18. HP: 110/138 MP: 0/0
 34918 | Shoals:3 | Killed Ilsuiw
 35897 | Shoals:4 | Entered Level 4 of the Shoals
 35897 | Shoals:4 | Noticed Donald
 37496 | Shoals:4 | Killed Donald
 37496 | Shoals:4 | Received a gift from Okawaru
 37725 | Shoals:4 | Identified the +7 falchion of Kaadupn {elec, rN+ Str+6
                  | Stlth-} (Okawaru gifted it to you on level 4 of the Shoals)
 37725 | Shoals:4 | Received a gift from Okawaru
 37954 | Shoals:4 | Identified the ring "Jaunag" {Slay+4 Stlth+}
 38345 | Shoals:4 | Noticed Polyphemus
 38364 | Shoals:4 | Killed Polyphemus
 38745 | Shoals:4 | Got a barnacled rune of Zot
 39048 | Spider:1 | Entered Level 1 of the Spider Nest
 39650 | Spider:1 | Identified the +7 dagger "Biagi" {speed, Fly rC+ Will++
                  | Stlth-} (Okawaru gifted it to you on level 1 of the Spider
                  | Nest)
 39650 | Spider:1 | Received a gift from Okawaru
 40100 | Spider:1 | Reached skill level 5 in Invocations
 40335 | Spider:1 | Reached XP level 19. HP: 130/143 MP: 0/0
 40335 | Spider:1 | Learned a level 7 spell: Haunt
 42357 | Spider:2 | Found a transporter.
 42632 | Spider:2 | Reached skill level 10 in Armour
 42730 | Spider:2 | Found a transporter.
 42740 | Spider:2 | Found a transporter.
 42969 | Spider:2 | Received a gift from Okawaru
 43247 | Spider:2 | Found a transporter.
 43264 | Spider:2 | Found a one-way gate to the infinite horrors of the Abyss.
 43264 | Spider:2 | Noticed Appoagin's ghost (journeyman DrIE)
 43288 | Spider:2 | Noticed a hellephant
 43507 | Spider:3 | Noticed Louise
 43756 | Spider:3 | Killed Louise
 45725 | Spider:4 | Entered Level 4 of the Spider Nest
 47858 | Spider:4 | Reached skill level 5 in Shields
 48171 | Spider:4 | Received a gift from Okawaru
 48496 | Spider:4 | Reached XP level 20. HP: 137/149 MP: 0/0
 49543 | Spider:4 | Acquired 655 gold pieces
 50289 | Spider:4 | Got a gossamer rune of Zot
 51272 | D:14     | Received a gift from Okawaru
 51728 | D:14     | Found a gate to the Vaults.
 52153 | D:14     | Identified the +3 ring mail of Qoiv {Will+ Str+4 Int+4}
                  | (Okawaru gifted it to you on level 14 of the Dungeon)
 52153 | D:14     | Received a gift from Okawaru
 52184 | D:14     | Reached skill level 16 in Fighting
 52532 | D:15     | Entered Level 15 of the Dungeon
 52728 | D:15     | Found a basalt altar of Yredelemnul.
 53370 | D:15     | Reached skill level 10 in Shields
 54288 | D:15     | Found a staircase to the Depths.
 54498 | Elf:1    | Entered Level 1 of the Elven Halls
 54830 | Elf:2    | Found Meedwu's Antique Weapon Shop.
 54915 | Elf:1    | Noticed Azrael
 54924 | Elf:1    | Killed Azrael
 55368 | Elf:1    | Paralysed by an air elemental for 1 turns
 55417 | Elf:1    | Paralysed by an air elemental for 1 turns
 55658 | Elf:1    | Paralysed by an air elemental for 1 turns
 56557 | Elf:1    | Paralysed by an air elemental for 1 turns
 56789 | Elf:1    | Reached XP level 21. HP: 120/157 MP: 0/0
 56789 | Elf:1    | Learned a level 8 spell: Discord
 57671 | Elf:2    | Identified the amulet of Zaxtywif {Spirit *Slow rC- rN+++
                  | SInv}
 57977 | Elf:2    | Received a gift from Okawaru
 58379 | Elf:2    | Found a runed translucent gate.
 58379 | Elf:2    | Found a runed translucent gate.
 58384 | Elf:2    | Found a runed translucent gate.
 58554 | Elf:3    | Entered Level 3 of the Elven Halls
 58890 | Elf:3    | Found Inemoisk's Antique Weapon Shop.
 59177 | Elf:3    | Paralysed by an air elemental for 1 turns
 59980 | Elf:3    | Identified the +0 leather armour "Nuiddao" {Str+3 Dex+2}
 60241 | Elf:3    | Identified the +5 mace of Might {venom, rElec}
 60259 | Elf:3    | Identified the amulet "Immetops" {Faith Int+3}
 60268 | Elf:3    | Identified the amulet of Pafo {RegenMP MP+9 Dex+4}
 60884 | Elf:3    | Received a gift from Okawaru
 60893 | Elf:3    | Noticed a Brimstone Fiend
 62114 | Elf:3    | Identified the ring of Recklessness {rF+ Str+4}
 62197 | Elf:3    | Reached skill level 15 in Shields
 62954 | Elf:2    | Received a gift from Okawaru
 63495 | Elf:3    | Cast into level 3 of the Abyss (a deep elf sorcerer)
 63654 | Elf:3    | Escaped the Abyss
 64056 | Elf:3    | Reached XP level 22. HP: 49/164 MP: 0/0
 65255 | Elf:3    | Shot with an arrow by a deep elf master archer

Illustrated notes

Levels and vault maps discovered:
D:1:      psy_arrival_basics, layout_basic,
          shapermc_ecumenical_altar_totnotflames
D:2:      layout_loops_corners, basic_altar, kennysheep_decorative_pillar
D:3:      layout_basic, chequers_temple_overflow_statue_of_worship,
          chei_slow_surprise, gammafunk_temple_overflow_pools,
          kennysheep_jessica_study
D:4:      minmay_clustersquares, layout_loops_ring, old_standard_altar,
          nicolae_ashenzari_skybound, minmay_temple_entry_slanted, serial_shops,
          shop, uniq_edmund
D:5:      layout_loops_ring, xom_confusion_cloud, ebering_ghost_sewer_d,
          glass_columns_a, minmay_divided_ellipse
D:6:      layout_basic, ebering_ghost_rock_garden, enter_ossuary_3,
          lemuel_flamethrower_2
D:7:      layout_basic, mainiacjoe_overflow_six_doors_small,
          ebering_ghost_reflecting_pool, kennysheep_donut
D:8:      layout_gridville, ebering_ghost_rock_garden, roderic_lattice_a,
          supply_closet_lemuel
D:9:      erik_cavepeople, layout_loops_corners, overflow_temple_1_default,
          erik_lair_island
D:10:     layout_small_grid, lightli_corner_chamber, uniq_erolcha
D:11:     layout_small_grid
D:12:     layout_cave_pools, orc_david_3, fedhas_altar_2, uniq_urug, uniq_psyche
D:13:     layout_long_grid, nicolae_trove_entry_path_of_doom,
          kennysheep_generic_room_9, uniq_jorgrun
D:14:     layout_roguey [special_room_bee], lightli_vaults_fourway_checkpoint,
          nrook_loot_triangle
D:15:     gammafunk_enter_depths_forms, layout_rooms, serial_bayou_pond_a,
          yredelemnul_forgotten_temple_becter
Temple:   eino_wide_crystal_templ
Lair:1:   layout_regular_city, hellmonk_ghost_happy_afterlife,
          minmay_stone_trees_small, uniq_nergalle, uniq_maggie, uniq_joseph
Lair:2:   layout_cave_shapes, basic_altar, serial_bayou_shore_a
Lair:3:   kb_forest_paths, layout_regular_city,
          nicolae_spider_entry_orb_guardian, minmay_lair_oklob_chamber
Lair:4:   layout_cave_shapes, minmay_shoals_entry_hut
Lair:5:   layout_layer_cave, uniq_josephine
Lair:6:   minmay_lair_end_enchanted_forest, layout_hall_layers, slime_altar_1,
          infiniplex_staircase_pool_2
Shoals:1: layout_shoals, uniq_kirke
Shoals:2: nicolae_shoals_mermall, layout_shoals, serial_shops,
          nicolae_shop_behind_doors
Shoals:3: layout_shoals, uniq_ilsuiw
Shoals:4: shoals_end_grunt_ice, layout_shoals, uniq_polyphemus, uniq_donald
Spider:1: layout_spider_delve, hangedman_spider_tarantella_strand
Spider:2: gammafunk_its_a_trap, gammafunk_ghost_abyssal_escape, hive_lemuel
Spider:3: layout_spider_delve, uniq_louise
Spider:4: floodkiller_spider_rune_tomb, nicolae_spider_shape
Orc:1:    layout_caves, serial_shops, shop, nicolae_shop_overcharged_wands
Orc:2:    st_orc_pillars, layout_diamond_mine, abandoned_shop
Elf:1:    eino_elf_arrival_sip, layout_geoelf_octagon, minivault_28,
          grunt_ministairs_1, uniq_azrael
Elf:2:    layout_loops_cross, serial_shops, shop, grunt_ministairs_11
Elf:3:    nooodl_elf_gasket, layout_loops_cross, serial_shops, shop,
          gammafunk_ghost_fury_of_okawaru, kennysheep_underground_church

Skill      XL: |  1  2  3  4  5  6  7  8  9 10 11 12 13 14 15 16 17 18 19 20 21 22 |
---------------+-------------------------------------------------------------------+-----
Stealth        | 2 4 6 7 8 |  8.0
Fighting       | 1 2 3 4 5 7 9 11 13 14 15 16 | 16.2
Dodging        | 3 4 5 7 8 10 11 13 14 | 14.0
Spellcasting   | 3 4 5 6 7 8 9 10 11 12 13 | 13.0
Invocations    | 2 5 7 |  7.5
Armour         | 4 5 7 9 10 | 10.0
Shields        | 4 5 12 15 | 15.6
Long Blades    | 1 5 8 10 11 12 14 | 14.0

Action                   |  1- 3 |  4- 6 |  7- 9 | 10-12 | 13-15 | 16-18 | 19-21 | 22-24 || total
-------------------------+-------+-------+-------+-------+-------+-------+-------+-------++-------
Melee: Unarmed           |     1 |       |       |       |       |       |       |       ||     1
       Dagger            |       |    19 |       |    22 |       |       |       |       ||    41
       Flail             |       |     6 |    30 |    77 |     5 |       |       |       ||   118
       Mace              |       |       |       |       |    96 |       |       |       ||    96
       Demon blade       |       |       |       |       |   122 |   198 |     6 |       ||   326
       Rapier            |       |       |       |       |       |       |   263 |     3 ||   266
Throw: Javelin           |       |       |       |     6 |       |       |     6 |       ||    12
 Cast: Sting             |    68 |    29 |       |       |       |       |       |       ||    97
       Poisonous Vapours |       |    67 |    86 |   181 |   314 |   180 |   429 |    28 ||  1285
       Foxfire           |       |    16 |   188 |   326 |   179 |   367 |   132 |       ||  1208
       Wereblood         |       |     1 |     3 |       |       |       |     2 |       ||     6
       Stone Arrow       |       |       |     4 |    39 |    48 |     6 |    30 |     6 ||   133
       Mephitic Cloud    |       |       |       |     6 |     4 |     2 |     8 |       ||    20
       Olgreb's Toxic Ra |       |       |       |    30 |   166 |    74 |   113 |     1 ||   384
       Petrify           |       |       |       |    21 |    14 |    21 |    19 |       ||    75
       Tukima's Dance    |       |       |       |     7 |     2 |     1 |     1 |       ||    11
       Borgnjor's Vile C |       |       |       |       |   101 |   165 |   375 |    21 ||   662
       Iron Shot         |       |       |       |       |       |     6 |   110 |       ||   116
       Starburst         |       |       |       |       |       |     3 |    11 |     1 ||    15
Invok: Heroism           |       |       |       |     1 |       |       |     1 |       ||     2
Evoke: Wand              |       |       |       |     6 |    12 |    25 |    23 |       ||    66
       Phial of floods   |       |       |       |       |     1 |     2 |     1 |       ||     4
       Lightning rod     |       |       |       |       |       |       |     6 |       ||     6
  Use: Scroll            |       |       |       |       |    13 |     9 |    12 |       ||    34
       Potion            |       |       |       |       |       |     1 |     2 |       ||     3
 Stab: Distracted        |       |     1 |       |       |       |       |       |       ||     1
       Sleeping          |       |       |     1 |       |     1 |     3 |     4 |       ||     9
       Petrified         |       |       |       |    34 |    24 |    33 |    26 |       ||   117
       Confused          |       |       |       |       |       |     2 |       |       ||     2
       Petrifying        |       |       |       |       |       |     3 |       |       ||     3
Armor: Robe              |     2 |     3 |       |       |       |       |       |       ||     5
       Leather armour    |       |     4 |    15 |     4 |       |    31 |    61 |       ||   115
       Steam dragon scal |       |       |       |    12 |       |       |       |       ||    12
       Troll leather arm |       |       |       |    65 |    64 |    11 |       |       ||   140
       Acid dragon scale |       |       |       |       |       |    52 |    98 |       ||   150
Dodge: Dodged            |     7 |    47 |    62 |   237 |   164 |   199 |   409 |    11 ||  1136
Block: Buckler           |       |       |       |    50 |   109 |   189 |   201 |     6 ||   555
       Reflection        |       |       |       |       |       |    29 |    22 |     3 ||    54
       Rpst.: Demon blade |       |       |       |       |    16 |    21 |     1 |       ||    38

Table legend: (Time is in decaauts)
 A = Elapsed time spent in this place.
 B = Non-inter-level travel time spent in this place.
 C = Inter-level travel time spent in this place.
 D = Time resting spent in this place.
 E = Time spent auto-exploring this place.
 F = Levels seen in this place.
 G = Mean time per level.
                   A        B        C        D        E       F      G
               +--------+--------+--------+--------+--------+-----+--------+
         Total |  65310 |  60665 |   4645 |  28473 |  16893 |  37 | 1765.1 |
       Dungeon |  24005 |  21558 |   2447 |   6709 |   9797 |  15 | 1600.3 |
        Temple |    107 |     50 |     57 |      0 |     44 |   1 |  107.0 |
          Lair |   7374 |   6755 |    619 |   1159 |   3427 |   6 | 1229.0 |
        Shoals |   9113 |   8631 |    482 |   5511 |    446 |   4 | 2278.2 |
   Spider Nest |  11413 |  10749 |    664 |   7230 |   1075 |   4 | 2853.2 |
  Orcish Mines |   2035 |   1814 |    221 |    328 |    884 |   2 | 1017.5 |
   Elven Halls |  10368 |  10214 |    154 |   7171 |   1131 |   3 | 3456.0 |
         Abyss |    155 |    155 |      0 |      0 |      0 |   1 |  155.0 |
       Ossuary |    737 |    737 |      0 |    365 |     89 |   1 |  737.0 |
               +--------+--------+--------+--------+--------+-----+--------+

Top non-repeatable levels by time:
   Elf:3: 4618 daAuts
Spider:4: 4166 daAuts
Spider:1: 3262 daAuts
   Elf:2: 3258 daAuts
Spider:2: 2983 daAuts
Shoals:4: 2957 daAuts
     D:4: 2882 daAuts
Shoals:2: 2804 daAuts
   Elf:1: 2492 daAuts
     D:5: 2414 daAuts
     D:9: 2374 daAuts
     D:3: 2267 daAuts
    D:14: 2020 daAuts
  Lair:3: 1909 daAuts
Shoals:3: 1890 daAuts
